TOP OF THE 1ST |
Capital District Red Knights batting - Pitching for Wizarding Express : RHP Roberto Gómez
|
Pitching: RHP Roberto Gómez
|
|
Batting: RHB Shawn Hicks
|
0-0: SINGLE (Groundball, 6M)
|
Batting: LHB Arturo Hernández
|
0-0: Ball 1-0: Ball 2-0: Ball 3-0: Called Strike 3-1: Swinging Strike 3-2: Base on Balls Shawn Hicks to second
|
Batting: RHB Tom Christensen
|
0-0: SINGLE (Groundball, 6M) Shawn Hicks to third Arturo Hernández to second Runner from 3rd tries for Home, SAFE, no throw or cutoff
|
Batting: RHB Chang-bum Pak
|
0-0: Called Strike 0-1: Ball 1-1: Foul Ball, location: 2F 1-2: Foul Ball, location: 2F 1-2: SINGLE (Groundball, 6S) Arturo Hernández to third Tom Christensen to second Runner from 3rd tries for Home, SAFE, throw made at trailing runner, OUT at third!
|
Batting: RHB Manny Carbajal
|
0-0: Ball 1-0: Ball 2-0: Ball 3-0: Called Strike 3-1: Fielders Choice at 2nd, 4-6 (Groundball, 4M)
|
Batting: RHB Martin Young
|
0-0: Called Strike 0-1: Called Strike 0-2: Fly out, F8 (Flyball, 8LS)
|
Top of the 1st over - 2 run(s), 3 hit(s), 0 error(s), 1 left on base; Capital District 2 - Wizarding 0 |
BOTTOM OF THE 1ST |
Wizarding Express batting - Pitching for Capital District Red Knights : RHP Britt Yates
|
Pitching: RHP Britt Yates
|
|
Batting: LHB Nathan Tanner
|
0-0: Called Strike 0-1: Ball 1-1: Called Strike 1-2: Ball 2-2: Foul Ball, location: 2F 2-2: Fly out, F8 (Flyball, 8LM)
|
Batting: LHB Kyung-chor Pang
|
0-0: Fly out, F5 (Popup, 5SF)
|
Batting: RHB Rafael Arredondo
|
0-0: Ball 1-0: Swinging Strike 1-1: Ball 2-1: Foul Ball, location: 2F 2-2: Foul Ball, location: 2F 2-2: Ground out 5-3 (Groundball, 5S)
|
Bottom of the 1st over - 0 run(s), 0 hit(s), 0 error(s), 0 left on base; Capital District 2 - Wizarding 0 |
TOP OF THE 2ND |
Capital District Red Knights batting - Pitching for Wizarding Express : RHP Roberto Gómez
|
Batting: RHB Barry Dempsey
|
0-0: Swinging Strike 0-1: Ball 1-1: Foul Ball, location: 2F 1-2: Ground out 4-3 (Groundball, 34)
|
Batting: RHB Jason Weston
|
0-0: Ball 1-0: Ground out 6-3 (Groundball, 6M)
|
Batting: RHB Gonzalo Núñez
|
0-0: Swinging Strike 0-1: Swinging Strike 0-2: Strikes out looking
|
Top of the 2nd over - 0 run(s), 0 hit(s), 0 error(s), 0 left on base; Capital District 2 - Wizarding 0 |
BOTTOM OF THE 2ND |
Wizarding Express batting - Pitching for Capital District Red Knights : RHP Britt Yates
|
Batting: RHB Cole Shaffer
|
0-0: Ball 1-0: Called Strike 1-1: SINGLE (Line Drive, 78S)
|
Batting: SHB Eiji Suzuki
|
0-0: Ball 1-0: Called Strike 1-1: SINGLE (Line Drive, 89M) Cole Shaffer to second Runner from 2nd tries for 3rd, SAFE, throw made to third
|
Batting: RHB António Martínez
|
0-0: Called Strike 0-1: Called Strike 0-2: Foul Ball, location: 2F 0-2: Foul Ball, location: 2F 0-2: Ball 1-2: Strikes out swinging
|
Batting: RHB Michael Montgomery
|
0-0: Fly out, F4 (Popup, 4)
|
Batting: RHB Turner Coleman
|
0-0: Ball 1-0: Fly out, F8 (Flyball, 8LXD)
|
Bottom of the 2nd over - 0 run(s), 2 hit(s), 0 error(s), 2 left on base; Capital District 2 - Wizarding 0 |
TOP OF THE 3RD |
Capital District Red Knights batting - Pitching for Wizarding Express : RHP Roberto Gómez
|
Batting: RHB Shawn Hicks
|
0-0: Fly out, F8 (Popup, 78M)
|
Batting: LHB Arturo Hernández
|
0-0: Fly out, F8 (Flyball, 8LM)
|
Batting: RHB Tom Christensen
|
0-0: Ball 1-0: Called Strike 1-1: Reached on error, E5 (Groundball, 5S)
|
Batting: RHB Chang-bum Pak
|
0-0: Reached on error, E6 (Groundball, 6M) Tom Christensen to second
|
Batting: RHB Manny Carbajal
|
0-0: Ball 1-0: Called Strike 1-1: Ball 2-1: Ball 3-1: SINGLE (Groundball, 5L) (infield hit) Tom Christensen to third Chang-bum Pak to second
|
Batting: RHB Martin Young
|
0-0: Swinging Strike 0-1: Ball 1-1: Ball 2-1: Foul Ball, location: 2F 2-2: Ball 3-2: Foul Ball, location: 2F 3-2: Base on Balls Tom Christensen scores Chang-bum Pak to third Manny Carbajal to second
|
Batting: RHB Barry Dempsey
|
0-0: Ball 1-0: Called Strike 1-1: Ball 2-1: Ball 3-1: Called Strike 3-2: Base on Balls Chang-bum Pak scores Manny Carbajal to third Martin Young to second
|
Batting: RHB Jason Weston
|
0-0: Foul Ball, location: 2F 0-1: Ball 1-1: Swinging Strike 1-2: Strikes out looking
|
Top of the 3rd over - 2 run(s), 1 hit(s), 2 error(s), 3 left on base; Capital District 4 - Wizarding 0 |
BOTTOM OF THE 3RD |
Wizarding Express batting - Pitching for Capital District Red Knights : RHP Britt Yates
|
Batting: RHB Nathan Clay
|
0-0: Foul Ball, location: 2F 0-1: Ball 1-1: Ball 2-1: Foul Ball, location: 2F 2-2: Ground out 4-3 (Groundball, 34S)
|
Batting: LHB Nathan Tanner
|
0-0: Ball 1-0: Ball 2-0: Called Strike 2-1: Swinging Strike 2-2: Ball 3-2: Base on Balls
|
Batting: LHB Kyung-chor Pang
|
0-0: Called Strike 0-1: Ball 1-1: Grounds into double play, 4-6-3 (Groundball, 4)
|
Bottom of the 3rd over - 0 run(s), 0 hit(s), 0 error(s), 0 left on base; Capital District 4 - Wizarding 0 |
TOP OF THE 4TH |
Capital District Red Knights batting - Pitching for Wizarding Express : RHP Roberto Gómez
|
Batting: RHB Gonzalo Núñez
|
0-0: Fly out, F4 (Line Drive, 4)
|
Batting: RHB Shawn Hicks
|
0-0: Fly out, F8 (Flyball, 8LD)
|
Batting: LHB Arturo Hernández
|
0-0: Foul Ball, location: 2F 0-1: Ball 1-1: Swinging Strike 1-2: Foul Ball, location: 2F 1-2: Strikes out swinging
|
Top of the 4th over - 0 run(s), 0 hit(s), 0 error(s), 0 left on base; Capital District 4 - Wizarding 0 |
BOTTOM OF THE 4TH |
Wizarding Express batting - Pitching for Capital District Red Knights : RHP Britt Yates
|
Batting: RHB Rafael Arredondo
|
0-0: Foul Ball, location: 2F 0-1: Swinging Strike 0-2: Ball 1-2: Fly out, F2 (Popup, 2L)
|
Batting: RHB Cole Shaffer
|
0-0: Ball 1-0: Ball 2-0: Called Strike 2-1: Foul Ball, location: 2F 2-2: Strikes out swinging
|
Batting: SHB Eiji Suzuki
|
0-0: Called Strike 0-1: Foul Ball, location: 2F 0-2: Fly out, F8 (Line Drive, 8LM)
|
Bottom of the 4th over - 0 run(s), 0 hit(s), 0 error(s), 0 left on base; Capital District 4 - Wizarding 0 |
TOP OF THE 5TH |
Capital District Red Knights batting - Pitching for Wizarding Express : RHP Roberto Gómez
|
Batting: RHB Tom Christensen
|
0-0: Called Strike 0-1: Ball 1-1: Swinging Strike 1-2: Strikes out swinging
|
Batting: RHB Chang-bum Pak
|
0-0: Fly out, F7 (Flyball, 7M)
|
Batting: RHB Manny Carbajal
|
0-0: Ball 1-0: Ground out 5-3 (Groundball, 5)
|
Top of the 5th over - 0 run(s), 0 hit(s), 0 error(s), 0 left on base; Capital District 4 - Wizarding 0 |
BOTTOM OF THE 5TH |
Wizarding Express batting - Pitching for Capital District Red Knights : RHP Britt Yates
|
Batting: RHB António Martínez
|
0-0: Ball 1-0: Ball 2-0: Called Strike 2-1: SINGLE (Line Drive, 56D)
|
Batting: RHB Michael Montgomery
|
0-0: Called Strike 0-1: Foul Ball, location: 2F 0-2: Ball 1-2: Ball António Martínez steals 2nd base 2-2: Ball 3-2: Fly out, F9 (Flyball, 9M)
|
Batting: RHB Turner Coleman
|
0-0: Ball 1-0: Ball 2-0: Ball 3-0: Called Strike 3-1: Fly out, F5 (Popup, 5F)
|
Batting: RHB Nathan Clay
|
0-0: Swinging Strike 0-1: Ball 1-1: Called Strike 1-2: Fly out, F7 (Flyball, 78M)
|
Bottom of the 5th over - 0 run(s), 1 hit(s), 0 error(s), 1 left on base; Capital District 4 - Wizarding 0 |
TOP OF THE 6TH |
Capital District Red Knights batting - Pitching for Wizarding Express : RHP Roberto Gómez
|
Batting: RHB Martin Young
|
0-0: Ball 1-0: Ball 2-0: Swinging Strike 2-1: Foul Ball, location: 2F 2-2: Strikes out swinging
|
Batting: RHB Barry Dempsey
|
0-0: Called Strike 0-1: Ball 1-1: Ball 2-1: Ball 3-1: SOLO HOME RUN (Line Drive, 7LD), Distance : 328 ft
|
Pitching: LHP Dave Davis
|
|
Batting: RHB Jason Weston
|
0-0: Called Strike 0-1: SINGLE (Groundball, 6)
|
Batting: RHB Gonzalo Núñez
|
0-0: Foul Ball, location: 2F 0-1: Ground out 6-3 (Groundball, 6MS) Jason Weston to second
|
Batting: RHB Shawn Hicks
|
0-0: Swinging Strike 0-1: Ball 1-1: Ball 2-1: Ball 3-1: Called Strike 3-2: Base on Balls
|
Batting: LHB Arturo Hernández
|
0-0: Ball 1-0: Ball 2-0: Foul Ball, location: 2F 2-1: Ball 3-1: Swinging Strike 3-2: Foul Ball, location: 2F 3-2: Ground out 4-3 (Groundball, 4)
|
Top of the 6th over - 1 run(s), 2 hit(s), 0 error(s), 2 left on base; Capital District 5 - Wizarding 0 |
BOTTOM OF THE 6TH |
Wizarding Express batting - Pitching for Capital District Red Knights : RHP Britt Yates
|
Batting: LHB Nathan Tanner
|
0-0: Ball 1-0: Called Strike 1-1: Ball 2-1: Ball 3-1: Foul Ball, location: 2F 3-2: Base on Balls
|
Batting: LHB Kyung-chor Pang
|
0-0: Called Strike 0-1: Foul Ball, location: 2F 0-2: Fly out, F2 (Popup, 2LF)
|
Batting: RHB Rafael Arredondo
|
0-0: Ball Nathan Tanner steals 2nd base 1-0: Fly out, F8 (Flyball, 8LS)
|
Batting: RHB Cole Shaffer
|
0-0: Ball 1-0: SINGLE (Groundball, 34D) Nathan Tanner to third Runner from 3rd tries for Home, SAFE, no throw or cutoff
|
Batting: SHB Eiji Suzuki
|
0-0: Hit by Pitch Cole Shaffer to second
|
Batting: RHB António Martínez
|
0-0: Foul Ball, location: 2F 0-1: Ground out 5-3 (Groundball, 56)
|
Bottom of the 6th over - 1 run(s), 1 hit(s), 0 error(s), 2 left on base; Capital District 5 - Wizarding 1 |
TOP OF THE 7TH |
Capital District Red Knights batting - Pitching for Wizarding Express : LHP Dave Davis
|
Batting: RHB Tom Christensen
|
0-0: Swinging Strike 0-1: Ground out U3 (Groundball, 3)
|
Batting: RHB Chang-bum Pak
|
0-0: Foul Ball, location: 2F 0-1: SINGLE (Groundball, 6M)
|
Batting: RHB Manny Carbajal
|
0-0: Called Strike 0-1: Called Strike 0-2: Ball 1-2: Ball 2-2: Foul Ball, location: 2F 2-2: Fly out, F3 (Popup, 9LSF)
|
Batting: RHB Martin Young
|
0-0: Called Strike Chang-bum Pak steals 2nd base 0-1: Ground out 6-3 (Groundball, 6)
|
Top of the 7th over - 0 run(s), 1 hit(s), 0 error(s), 1 left on base; Capital District 5 - Wizarding 1 |
BOTTOM OF THE 7TH |
Wizarding Express batting - Pitching for Capital District Red Knights : RHP Britt Yates
|
Batting: RHB Michael Montgomery
|
0-0: Ball 1-0: SINGLE (Line Drive, 8RS)
|
Batting: RHB Turner Coleman
|
0-0: Foul Ball, location: 2F 0-1: Called Strike 0-2: SINGLE (Line Drive, 7S) Michael Montgomery to second
|
Batting: RHB Nathan Clay
|
0-0: SINGLE (Groundball, 6MD) Michael Montgomery to third Turner Coleman to second
|
Batting: LHB Nathan Tanner
|
0-0: Ball 1-0: Ball 2-0: Grounds into double play, 4-6-3 (Groundball, 4) Michael Montgomery scores Turner Coleman to third
|
Batting: LHB Kyung-chor Pang
|
0-0: Called Strike 0-1: Ball 1-1: Foul Ball, location: 2F 1-2: Ball 2-2: Ball 3-2: Base on Balls
|
Batting: RHB Rafael Arredondo
|
0-0: Fly out, F8 (Line Drive, 8LM)
|
Bottom of the 7th over - 1 run(s), 3 hit(s), 0 error(s), 2 left on base; Capital District 5 - Wizarding 2 |
TOP OF THE 8TH |
Capital District Red Knights batting - Pitching for Wizarding Express : LHP Dave Davis
|
Batting: RHB Barry Dempsey
|
0-0: Called Strike 0-1: Foul Ball, location: 2F 0-2: Strikes out swinging
|
Batting: RHB Jason Weston
|
0-0: Ball 1-0: Ball 2-0: Ball 3-0: Base on Balls
|
Batting: RHB Gonzalo Núñez
|
0-0: Ball 1-0: Called Strike 1-1: Foul Ball, location: 2F 1-2: Strikes out swinging
|
Pitching: RHP Jackson Haines
|
|
Batting: RHB Shawn Hicks
|
0-0: Fly out, F7 (Line Drive, 7M)
|
Top of the 8th over - 0 run(s), 0 hit(s), 0 error(s), 1 left on base; Capital District 5 - Wizarding 2 |
BOTTOM OF THE 8TH |
Wizarding Express batting - Pitching for Capital District Red Knights : RHP Britt Yates
|
Batting: RHB Cole Shaffer
|
0-0: Called Strike 0-1: Foul Ball, location: 2F 0-2: Fly out, F8 (Flyball, 8RS)
|
Batting: SHB Eiji Suzuki
|
0-0: Swinging Strike 0-1: Swinging Strike 0-2: Strikes out swinging
|
Batting: RHB António Martínez
|
0-0: Swinging Strike 0-1: Ball 1-1: Ground out 4-3 (Groundball, 4)
|
Bottom of the 8th over - 0 run(s), 0 hit(s), 0 error(s), 0 left on base; Capital District 5 - Wizarding 2 |
TOP OF THE 9TH |
Capital District Red Knights batting - Pitching for Wizarding Express : RHP Jackson Haines
|
Batting: LHB Arturo Hernández
|
0-0: Called Strike 0-1: Ball 1-1: Ground out 4-3 (Groundball, 4)
|
Batting: RHB Tom Christensen
|
0-0: Ball 1-0: Ball 2-0: Called Strike 2-1: Foul Ball, location: 2F 2-2: Foul Ball, location: 2F 2-2: Strikes out swinging
|
Batting: RHB Chang-bum Pak
|
0-0: Called Strike 0-1: SINGLE (Groundball, 2R) (infield hit)
|
Batting: RHB Manny Carbajal
|
0-0: Called Strike 0-1: Foul Ball, location: 2F 0-2: Foul Ball, location: 2F 0-2: Fielders Choice at 2nd, U6 (Groundball, 6M)
|
Top of the 9th over - 0 run(s), 1 hit(s), 0 error(s), 1 left on base; Capital District 5 - Wizarding 2 |
BOTTOM OF THE 9TH |
Wizarding Express batting - Pitching for Capital District Red Knights : RHP Britt Yates
|
Batting: RHB Michael Montgomery
|
0-0: Foul Ball, location: 2F 0-1: Ball 1-1: Ball 2-1: Swinging Strike 2-2: SINGLE (Line Drive, 56)
|
Pitching: RHP Marlon Miller
|
|
Batting: RHB Turner Coleman
|
0-0: Ball 1-0: Foul Ball, location: 2F 1-1: Ground out U3 (Groundball, 3S) Michael Montgomery to second
|
Batting: RHB Nathan Clay
|
0-0: Called Strike 0-1: Ball 1-1: SINGLE (Line Drive, 78S) Michael Montgomery to third
|
Batting: LHB Nathan Tanner
|
0-0: Ball 1-0: Swinging Strike 1-1: Fly out, F7 (Flyball, 7M) Runner from 3rd tags up, SCORES, throw made
|
Pinch Hitting: LHB Emílio Sáenz
|
0-0: Called Strike 0-1: Swinging Strike 0-2: Strikes out looking
|
Bottom of the 9th over - 1 run(s), 2 hit(s), 0 error(s), 1 left on base; Capital District 5 - Wizarding 3 |
|